 Dungeon Crawl Stone Soup version 0.29.1-14-g9c671dbff4 (console) character file.

Game seed: 10857314166728224160

91 Lysca the Changer (level 4, -1/32 HPs)
             Began as a Merfolk Transmuter on Feb 16, 2023.
             Slain by an orc
             ... wielding a +0 dagger
              (3 damage)
             ... on level 4 of the Dungeon.
             The game lasted 00:10:35 (3214 turns).

Lysca the Changer (Merfolk Transmuter)              Turns: 3214, Time: 00:10:36

Health: -1/32      AC:  3    Str: 10    XL:     4   Next: 59%
Magic:  6/7        EV: 12    Int: 14    God:
Gold:   109        SH:  0    Dex: 14    Spells: 0/7 levels left

rFire   . . .      SeeInvis +     - Unarmed
rCold   . . .      Faith    .   (no shield)
rNeg    . . .      Spirit   .   a - +0 robe
rPois   .          Reflect  .   (no helmet)
rElec   .          Harm     .   (no cloak)
rCorr   +          Rampage  .   u - +0 pair of gloves
Will    .....                   (no boots)
Stlth   ++........              (no amulet)
HPRegen 0.10/turn               t - ring of see invisible
MPRegen 0.10/turn               v - ring of resist corrosion

@: no status effects
A: (nimble swimmer 2), mertail
a: no special abilities


You were on level 4 of the Dungeon.
You visited 1 branch of the dungeon, and saw 4 of its levels.

You collected 153 gold pieces.
You spent 44 gold pieces at shops.

Inventory:

Hand Weapons
 s - a +2 short sword of protection
Missiles
 j - 34 stones (quivered)
Armour
 a - a +0 robe (worn)
 u - a +0 pair of gloves (worn)
Jewellery
 t - a ring of see invisible (left hand)
 v - a ring of resist corrosion (right hand)
Scrolls
 f - 2 scrolls of poison {unknown}
 h - a scroll of vulnerability {unknown}
 i - 7 scrolls of identify {unknown}
 k - a scroll of blinking {unknown}
 l - a scroll of fear {unknown}
 n - 2 scrolls of teleportation {unknown}
 p - a scroll of silence {unknown}
 q - a scroll of noise {unknown}
Potions
 b - a potion of lignification
 c - 2 potions of flight {unknown}
 d - a potion of brilliance {unknown}
 e - 2 potions of curing
 g - a potion of attraction {unknown}
 m - a potion of might
 o - 2 potions of degeneration
 r - 4 potions of heal wounds {unknown}


   Skills:
 - Level 1.1 Fighting
 - Level 2.7 Dodging
 - Level 0.8 Stealth
 - Level 3.3 Unarmed Combat
 - Level 2.0 Spellcasting
 + Level 5.7 Transmutations
 + Level 1.1 Ice Magic


You couldn't memorise any spells.
You knew the following spells:

 Your Spells              Type           Power      Damage    Failure   Level
a - Beastly Appendage     Tmut           34%        N/A       2%          1
b - Wereblood             Tmut           17%        N/A       3%          2
c - Ice Form              Ice/Tmut       11%        N/A       50%         4

Your spell library contained the following spells:

 Spells                   Type           Power      Damage    Failure   Level
 Spider Form              Tmut/Pois      9%         N/A       22%         3


Dungeon Overview and Level Annotations

Branches:
Dungeon (4/15)
 Temple: D:4-7

Altars:
Ashenzari
Qazlal
Wu Jian

Shops:
D:4 !


Innate Abilities, Weirdness & Mutations

((You are very nimble when in or above water. (Stealth+, EV+, Speed+++)))
Your lower body shifts to a powerful aquatic tail in water.


Message History

The orc priest barely misses you. The orc closely misses you.
A dart slug comes into view.
You hit the orc priest.
The orc priest is heavily wounded.
The orc priest hits you with a +0 hand axe.
The orc hits you but does no damage. The orc hits you with a +0 dagger.
A kobold comes into view. It is wielding a +0 short sword.
The dart slug launches a dart at you. The slug dart hits you.
* * * LOW HITPOINT WARNING * * *
Unknown command.
You hit the orc priest.
The orc priest is heavily wounded.
You howl as the wereblood boils in your veins!
The orc priest hits you with a +0 hand axe.
* * * LOW HITPOINT WARNING * * *
The orc closely misses you.
Unknown command.
Unknown command.
You barely miss the orc priest.
The orc priest is heavily wounded.
The dart slug launches a dart at you. The slug dart misses you.
The orc priest looks satisfied for a moment.
The orc hits you with a +0 dagger.
* * * LOW HITPOINT WARNING * * *
The orc barely misses you.
You hit the orc priest. Your headbutt misses the orc priest.
The orc priest is severely wounded.
The orc priest hits you with a +0 hand axe.
* * * LOW HITPOINT WARNING * * *
The orc barely misses you. The orc hits you but does no damage.
The orc closely misses you.
Unknown command.
You hit the orc priest.
You feel a bit better.
You kill the orc priest!
Your horns disappear.
Your primal bloodlust has ended.
The orc hits you with a +0 hand axe.
* * * LOW HITPOINT WARNING * * *
The orc hits you with a +0 dagger.
You die...

≈.##._#.≈.#................#
≈...### ≈.#†...............#
≈≈≈≈... .#†)..............#
....≈≈≈ #.#############....
####... #............ .....
... #######........... .....
≈≈≈ ................ #...
#...###...w##... ## #...
##....######+ ....
#..:o@....... ...
#...oo)...... ...
#............ #....K.......
#............ #............
#...8...8.... ###.......###


You could see a dart slug, 3 orcs and a kobold.

Vanquished Creatures
  An orc priest (D:4)
  2 adders
  2 worms
  A dart slug (D:1)
  2 orcs
  6 ball pythons
  6 bats
  6 endoplasms
  2 giant cockroaches
  6 goblins
  8 hobgoblins
  A quokka (D:4)
  6 frilled lizards
  9 kobolds
  4 rats
62 creatures vanquished.

Notes
Turn   | Place    | Note
-------+----------+-------------------------------------------
     0 | D:1      | Lysca the Merfolk Transmuter began the quest for the Orb.
     0 | D:1      | Reached XP level 1. HP: 15/15 MP: 3/3
   257 | D:1      | Reached skill level 3 in Transmutations
   335 | D:1      | Reached XP level 2. HP: 21/21 MP: 3/5
   338 | D:1      | Learned a level 2 spell: Wereblood
   562 | D:1      | Reached skill level 4 in Transmutations
   767 | D:1      | Reached XP level 3. HP: 25/26 MP: 4/6
  1700 | D:2      | Reached skill level 5 in Transmutations
  2176 | D:3      | Reached XP level 4. HP: 29/32 MP: 5/7
  2183 | D:3      | Learned a level 4 spell: Ice Form
  2675 | D:3      | Found a broken altar of Ashenzari.
  2762 | D:4      | Found Limeg's Distillery.
  3055 | D:4      | Bought a potion of curing for 33 gold pieces
  3055 | D:4      | Bought a potion of degeneration for 11 gold pieces
  3093 | D:4      | Found an ornate altar of the Wu Jian Council.
  3094 | D:4      | Found a stormy altar of Qazlal.
  3146 | D:4      | Reached skill level 1 in Ice Magic
  3214 | D:4      | Slain by an orc

Illustrated notes

Levels and vault maps discovered:
D:1:      dpeg_arrival_concentric_ovals, layout_basic
D:2:      layout_rooms
D:3:      layout_basic, ashenzari_altar_1
D:4:      layout_gridville, nicolae_overflow_squiral, serial_shops, shop,
          nicolae_stop_n_shop_1, hangedman_abyss_or_decor_stabs, st_stairs_10,
          grunt_ministairs_1

Skill      XL: |  1  2  3  4 |
---------------+-------------+-----
Transmutations | 3 4 5 |  5.7
Ice Magic      | 1 |  1.1
Fighting       | |  1.1
Dodging        | |  2.7
Stealth        | |  0.8
Unarmed Combat | |  3.3
Spellcasting   | |  2.0

Action                   |  1- 3 |  4- 6 || total
-------------------------+-------+-------++-------
Melee: Unarmed           |   131 |    58 ||   189
       Headbutt          |    13 |    10 ||    23
       Punch             |     6 |     1 ||     7
Throw: Stone             |     2 |     4 ||     6
 Cast: Beastly Appendage |    27 |     9 ||    36
       Wereblood         |    14 |     3 ||    17
 Stab: Sleeping          |       |     1 ||     1
Armor: Robe              |    37 |     7 ||    44
Dodge: Dodged            |    96 |    28 ||   124
